 Dungeon Crawl Stone Soup version 0.19-a0 (webtiles) character file.

10586 Mefis the Thaumaturge (level 11, -2/54 HPs)
             Began as a Deep Elf Wizard on Apr 27, 2016.
             Was an Elder of Sif Muna.
             Killed from afar by a gargoyle (26 damage)
             ... with a stone arrow
             ... on level 10 of the Dungeon.
             The game lasted 02:35:12 (19381 turns).

Mefis the Thaumaturge (Deep Elf Wizard)            Turns: 19381, Time: 02:35:13

Health: -2/54      AC:  7    Str:  4    XL:     11   Next: 38%
Magic:  23/26      EV: 16    Int: 26    God:    Sif Muna [****..]
Gold:   607        SH:  3    Dex: 14    Spells: 11 memorised, 1 level left

rFire  . . .     SeeInvis .     H - +0 shortbow
rCold  + . .     Gourm    .     J - +2 robe {rC+}
rNeg   . . .     Faith    .     (shield currently unavailable)
rPois  .         Spirit   .     b - +0 hat
rElec  .         Dismiss  .     L - +1 cloak
rCorr  +         Reflect  +     (no gloves)
SustAt +         Harm     .     e - +0 pair of boots
MR     +....                    F - +3 amulet of reflection
Stlth  ++++......               C - ring of resist corrosion (curse)
                                W - ring of sustain attributes

@: somewhat resistant to hostile enchantments, stealthy
A: no striking features
a: Channel Energy, Forget Spell, Renounce Religion


You were on level 10 of the Dungeon.
You worshipped Sif Muna.
Sif Muna was greatly pleased with you.
You were not hungry.

You visited 2 branches of the dungeon, and saw 12 of its levels.

You collected 649 gold pieces.
You spent 42 gold pieces at shops.

Inventory:

Hand Weapons
 n - a +2 dagger of protection
 w - a +1 dagger of draining
 H - a +0 shortbow (weapon)
Missiles
 I - 128 arrows (quivered)
 R - 11 tomahawks
 S - 3 javelins
Armour
 b - a +0 hat (worn)
 e - a +0 pair of boots (worn)
 J - a +2 robe of cold resistance (worn)
 L - a +1 cloak (worn)
Jewellery
 C - a cursed ring of resist corrosion (right hand)
 F - a +3 amulet of reflection (around neck)
 W - a ring of sustain attributes (left hand)
Wands
 x - a wand of flame (22/48)
 z - a wand of acid (11/15)
 T - a wand of slowing (26/48)
Scrolls
 g - 2 scrolls of recharging
 m - 4 scrolls of teleportation
 p - 3 scrolls of amnesia
 s - a scroll of blinking {unknown}
 t - 2 scrolls of magic mapping {unknown}
 v - 2 scrolls of remove curse
 A - a scroll of fear {unknown}
 E - a scroll of enchant armour {unknown}
Potions
 h - a potion of might {unknown}
 i - a potion of ambrosia {unknown}
 j - a potion of brilliance
 k - a potion of curing
 l - a potion of resistance {unknown}
 r - a potion of agility
 u - a potion of cancellation {unknown}
 D - a potion of cure mutation {unknown}
 G - a potion of degeneration {unknown}
 K - a potion of magic {unknown}
 M - a potion of mutation {unknown}
 N - a potion of haste {unknown}
 P - 2 potions of heal wounds
 Q - a potion of lignification {unknown}
Books
 a - the Guide on Darkness and Fire
   (You found it on level 8 of the Dungeon)

   Spells                             Type                      Level
   a - Inner Flame                    Hexes/Fire                   3
   b - Excruciating Wounds            Charms/Necromancy            5
   c - Dispel Undead                  Necromancy                   5
   d - Ring of Flames                 Charms/Fire                  7
 c - a book of Minor Magic

   Spells                             Type                      Level
   a - Magic Dart                     Conjuration                  1
   b - Blink                          Translocation                2
   c - Call Imp                       Summoning                    2
   d - Repel Missiles                 Charms/Air                   2
   e - Slow                           Hexes                        2
   f - Conjure Flame                  Conjuration/Fire             3
   g - Mephitic Cloud                 Conjuration/Poison/Air       3
 y - a book of Geomancy

   Spells                             Type                      Level
   a - Sandblast                      Earth                        1
   b - Passwall                       Transmutation/Earth          2
   c - Stone Arrow                    Conjuration/Earth            3
   d - Petrify                        Transmutation/Earth          4
   e - Lee's Rapid Deconstruction     Earth                        5
Comestibles
 d - 3 bread rations
 f - a beef jerky
 o - 9 fruits
 q - 2 meat rations
 B - 3 slices of pizza
 V - 4 royal jellies


   Skills:
 + Level 4.9 Bows
 - Level 2.4 Throwing
 + Level 7.1 Dodging
 + Level 7.3 Stealth
 + Level 9.0 Spellcasting
 + Level 5.2 Conjurations
 + Level 5.6 Hexes
 + Level 4.5 Charms
 - Level 4.4 Summonings
   Level 3.4 Necromancy
 + Level 6.2 Translocations
 + Level 1.0 Transmutations
 + Level 4.8 Fire Magic
 + Level 0.9 Earth Magic
 - Level 4.5 Poison Magic
 + Level 5.3 Invocations
 + Level 4.8 Evocations


You had one spell level left.
You knew the following spells:

 Your Spells              Type           Power        Failure   Level  Hunger
a - Magic Dart            Conj           ####         1%          1    None
b - Call Imp              Summ           ####....     1%          2    None
c - Blink                 Tloc           N/A          1%          2    None
d - Repel Missiles        Chrm/Air       ###...       2%          2    None
e - Mephitic Cloud        Conj/Pois/Air  ####....     4%          3    None
f - Conjure Flame         Conj/Fire      #####...     1%          3    None
g - Slow                  Hex            #####...     1%          2    None
h - Inner Flame           Hex/Fire       #####...     1%          3    None
i - Petrify               Trmt/Erth      ###.....     38%         4    #......
j - Passwall              Trmt/Erth      ###.......   6%          2    None
s - Stone Arrow           Conj/Erth      ####..       6%          3    None


Dungeon Overview and Level Annotations

Branches:
Dungeon (10/15)            Temple (0/1) D:7            Lair (2/8) D:8
    Orc: D:9-12

Altars:
Ashenzari
Dithmenos
Elyvilon
Kikubaaqudgha
Makhleb
Okawaru
Qazlal
Sif Muna
Vehumet
Xom
Yredelemnul

Shops:
D:4 *   D:6 %

Portals:
Trove: D:10 (give potion of experience)


Message History

I - 128 arrows (gained 1)
A gargoyle comes into view. It is wielding a flail.
The gargoyle hurls a stone arrow at you.
The stone arrow hits you!
The gargoyle hurls a stone arrow at you.
The stone arrow hits you!
Found a leather armour and a scroll of remove curse.
You see here a beef jerky.
Press: ? - help, v - describe, . - travel
Here: a gargoyle, wielding a flail The floor.
You see here a leather armour.
Casting: Mephitic Cloud
Confirm with . or Enter, or press ? or * to list all spells.
Aiming: Conjure Flame
Press: ? - help, Dir - move target cursor The fire roars!
The gargoyle hurls a stone arrow at you.
The stone arrow hits you!
You die...

#.## ..# #..## #.#
##...## #?#
#####.#.#.###.####.#
#.........9..%.....#
#.###.#.#.###9######
.. ##...## #[#
....###.#####.#
.........@..ยง9#
....###)####### ..
#.#### #....# ####.#
#.# #.# #.# #(#


You could see a gargoyle.

Vanquished Creatures
  A hydra (D:8)
  The ghost of UnknownArtist the Covered, a novice HOAK of Lugonu (D:9)
  2 spiny frogs (Lair:2)
  A komodo dragon (Lair:1)
  A vampire (D:9)
  A wyvern (D:9)
  A human (D:9)
  6 yaks
  A hungry ghost (D:9)
  2 hippogriffs (Lair:1)
  4 water moccasins
  3 porcupines
  4 orc warriors
  4 sky beasts
  5 ogres
  3 phantoms
  2 black bears (D:9)
  4 wolves
  8 centaurs
  10 giant frogs
  A wyvern skeleton (D:9)
  3 killer bees (D:9)
  2 spriggan skeletons (D:9)
  9 wights
  8 howler monkeys
  A giant frog zombie (D:5)
  10 orc wizards
  4 hounds
  7 orc priests
  4 centaur skeletons
  4 iguanas
  A human skeleton (D:9)
  2 worker ants
  2 hound skeletons
  A worker ant zombie (D:5)
  15 gnolls
  11 adders
  12 river rats (Lair:1)
  A shadow imp (D:9)
  2 oozes
  An adder skeleton (D:5)
  An adder zombie (D:5)
  2 worms
  3 dart slugs
  5 giant geckos
  38 orcs
  7 bats
  5 giant cockroaches
  5 goblins
  8 hobgoblins
  5 jackals (D:1)
  4 quokkas
  3 ball pythons
  4 giant newts
  6 kobolds
  A quokka zombie (D:9)
  13 rats
275 creatures vanquished.

Vanquished Creatures (collateral kills)
  A yak (Lair:1)
  A wyvern (D:9)
  A water moccasin (D:7)
  Duvessa (D:4)
  An orc warrior (D:4)
  An ice beast (D:4)
  An ogre (D:4)
  The ghost of beholder the Pure, an amateur DsAK of Lugonu (D:3)
  A giant frog (D:6)
  Dowan (D:4)
  A scorpion (D:8)
  5 wights
  2 howler monkeys (D:8)
  A crimson imp (D:6)
  A giant frog zombie (D:9)
  2 hounds
  An orc priest (D:3)
  An orc wizard (D:4)
  A centaur skeleton (D:9)
  An iguana (D:5)
  3 worker ants
  4 gnolls (D:2)
  An adder (D:2)
  2 worms
  A dart slug (D:5)
  4 orcs
  A bat (D:2)
  2 goblins (D:2)
  A hobgoblin (D:2)
  A jackal (D:9)
46 creatures vanquished.

Vanquished Creatures (others)
  5 sheep (D:8)
  2 fungi
7 creatures vanquished.

Grand Total: 328 creatures vanquished

Notes
Turn   | Place    | Note
--------------------------------------------------------------
     0 | D:1      | Mefis the Deep Elf Wizard began the quest for the Orb.
     0 | D:1      | Reached XP level 1. HP: 10/10 MP: 7/7
   480 | D:1      | Reached skill level 5 in Spellcasting
   480 | D:1      | Reached XP level 2. HP: 14/15 MP: 1/10
   484 | D:1      | Learned a level 2 spell: Call Imp
   487 | D:1      | Learned a level 2 spell: Blink
   490 | D:1      | Learned a level 2 spell: Repel Missiles
  1343 | D:1      | Reached XP level 3. HP: 19/19 MP: 8/11
  1358 | D:1      | Learned a level 3 spell: Mephitic Cloud
  1809 | D:2      | Found a shattered altar of Ashenzari.
  1842 | D:2      | Reached XP level 4. HP: 24/24 MP: 1/13
  1847 | D:2      | Learned a level 3 spell: Conjure Flame
  2609 | D:3      | Noticed beholder's ghost (amateur DsAK)
  2926 | D:3      | Reached XP level 5. HP: 19/28 MP: 6/14
  3900 | D:3      | Learned a level 2 spell: Slow
  4204 | D:3      | Killed beholder's ghost
  4204 | D:3      | Reached skill level 1 in Throwing
  4204 | D:3      | Reached XP level 6. HP: 20/32 MP: 4/16
  4864 | D:4      | Found Jeujibag's General Store.
  4887 | D:4      | Bought a scroll of remove curse for 42 gold pieces
  4945 | D:4      | Noticed Dowan
  4948 | D:4      | Noticed Duvessa
  4961 | D:4      | Killed Duvessa
  4965 | D:4      | Killed Dowan
  4965 | D:4      | Reached skill level 6 in Spellcasting
  5192 | D:4      | Found a deep blue altar of Sif Muna.
  5198 | D:4      | Became a worshipper of Sif Muna the Loreminder
  5329 | D:4      | Noticed an orc warrior
  5375 | D:4      | Killed an orc warrior
  5375 | D:4      | Reached XP level 7. HP: 36/36 MP: 6/18
  5444 | D:5      | Entered Level 5 of the Dungeon
  5943 | D:5      | Found a radiant altar of Vehumet.
  6163 | D:5      | Reached * piety under Sif Muna
  6230 | D:5      | Found a basalt altar of Yredelemnul.
  6239 | D:4      | Found a shadowy altar of Dithmenos.
  6549 | D:5      | Reached skill level 1 in Poison Magic
  6620 | D:5      | Found an iron altar of Okawaru.
  7134 | D:6      | Reached skill level 1 in Fire Magic
  7200 | D:6      | Reached skill level 1 in Invocations
  7207 | D:6      | Reached XP level 8. HP: 41/41 MP: 6/19
  7335 | D:6      | Reached skill level 1 in Hexes
  7371 | D:6      | Found Qeuckitos's Food Shop.
  7411 | D:6      | Reached skill level 5 in Stealth
  7411 | D:6      | Reached skill level 1 in Evocations
  7627 | D:6      | Found a stormy altar of Qazlal.
  7792 | D:6      | Reached skill level 5 in Dodging
  7792 | D:6      | Reached skill level 7 in Spellcasting
  8042 | D:7      | Reached skill level 1 in Bows
  8267 | D:7      | Found a staircase to the Ecumenical Temple.
  9045 | D:7      | You fall through a shaft for 2 floors!
  9381 | D:9      | Reached XP level 9. HP: 45/45 MP: 17/22
 10521 | D:7      | Reached ** piety under Sif Muna
 10912 | D:7      | Reached skill level 5 in Conjurations
 11527 | D:8      | Identified the Guide on Darkness and Fire
 11532 | D:8      | Learned a level 3 spell: Inner Flame
 11538 | D:8      | Learned a level 5 spell: Dispel Undead
 11608 | D:8      | Found a white marble altar of Elyvilon.
 11649 | D:8      | Found an ancient bone altar of Kikubaaqudgha.
 11735 | D:8      | Found a staircase to the Lair.
 11750 | D:8      | Found a burning altar of Makhleb.
 11889 | D:8      | Found a shimmering altar of Xom.
 11994 | D:8      | Reached skill level 5 in Translocations
 12412 | D:9      | Noticed UnknownArtist's ghost (novice HOAK)
 12506 | D:9      | Killed UnknownArtist's ghost
 12506 | D:9      | Reached skill level 1 in Charms
 12506 | D:9      | Reached skill level 1 in Necromancy
 12569 | D:9      | Reached XP level 10. HP: 40/50 MP: 1/23
 12726 | D:9      | Reached skill level 8 in Spellcasting
 13524 | D:9      | Found a runed door.
 13531 | D:9      | Found a basalt altar of Yredelemnul.
 13703 | D:9      | Reached *** piety under Sif Muna
 13864 | D:9      | Noticed a four-headed hydra
 14083 | D:8      | Killed a four-headed hydra
 15468 | Lair:1   | Entered Level 1 of the Lair of Beasts
 15547 | Lair:1   | Learned a level 3 spell: Stone Arrow
 15740 | Lair:1   | Reached skill level 5 in Hexes
 15756 | Lair:1   | Reached skill level 5 in Invocations
 15934 | Lair:1   | Reached XP level 11. HP: 54/54 MP: 15/25
 16037 | Lair:1   | Learned a level 4 spell: Petrify
 16040 | Lair:1   | Learned a level 2 spell: Passwall
 16759 | Lair:1   | Reached **** piety under Sif Muna
 18550 | D:10     | Entered Level 10 of the Dungeon
 18814 | D:10     | Reached skill level 1 in Transmutations
 18840 | D:10     | Reached skill level 9 in Spellcasting
 19256 | D:10     | Found a portal to a secret trove of treasure.
 19381 | D:10     | Killed from afar by a gargoyle

Vault maps used:
D:1:      dpeg_arrival_triangle_fractal
D:2:      overflow_temple_1_default
D:3:      st_stairs_6
D:4:      nicolae_overflow_hidden_temple, lemuel_round_altar, serial_shops,
          shop_coins, first_bread, uniq_duvessa
D:5:      okawaru_gym_becter, basic_altar, vehumet_altar_wand_db
D:6:      nicolae_overflow_crystal_walls, serial_shops, nicolae_shop_trees
D:7:      minmay_temple_entry_poolview
D:8:      kennysheep_little_box, kb_xom_exploding_sheep,
          makhleb_heckhound_becter, lair_0_dummy,
          hangedman_abyss_or_decor_passed, elyvilon_altar_5
D:9:      hangedman_tell_no_tales, dk_yredelemnul_ordeal
D:10:     enter_trove_0, grunt_decor_resistance
Lair:2:   bh_autumn_forest_stairs, grunt_megastairs_5

Skill      XL: |  1  2  3  4  5  6  7  8  9 10 11 |
---------------+----------------------------------+-----
Spellcasting   | 5 6 7 8 9 |  9.0
Translocations | 2 3 4 5 6 |  6.2
Dodging        | 3 4 5 6 7 |  7.1
Conjurations   | 2 3 4 5 |  5.2
Summonings     | 2 3 4 |  4.4
Stealth        | 3 4 5 6 7 |  7.3
Throwing       | 1 2 |  2.4
Poison Magic   | 1 2 3 4 |  4.5
Fire Magic     | 1 2 3 4 |  4.8
Invocations    | 1 2 4 5 |  5.3
Hexes          | 2 3 5 |  5.6
Evocations     | 1 3 4 |  4.8
Bows           | 1 2 4 |  4.9
Charms         | 1 3 4 |  4.5
Necromancy     | 1 3 |  3.4
Transmutations | 1 |  1.0
Earth Magic    | |  0.9

Action                   |  1- 3 |  4- 6 |  7- 9 | 10-12 || total
-------------------------+-------+-------+-------+-------++-------
Melee: Unarmed           |     1 |       |       |       ||     1
       Dagger            |     3 |    13 |     8 |    13 ||    37
       Shortbow          |       |       |       |     1 ||     1
 Fire: Hunting sling     |       |       |    22 |       ||    22
       Shortbow          |       |       |   150 |   264 ||   414
Throw: Tomahawk          |       |       |     3 |    11 ||    14
       Javelin           |       |       |     3 |     3 ||     6
       Throwing net      |       |       |     2 |       ||     2
 Cast: Magic Dart        |    90 |   113 |   307 |   210 ||   720
       Repel Missiles    |     1 |     1 |     1 |       ||     3
       Call Imp          |     7 |    35 |    87 |    53 ||   182
       Mephitic Cloud    |     1 |    12 |    51 |    37 ||   101
       Conjure Flame     |       |       |    29 |    47 ||    76
       Blink             |       |       |     5 |    15 ||    20
       Dispel Undead     |       |       |       |     3 ||     3
       Stone Arrow       |       |       |       |    71 ||    71
       Passwall          |       |       |       |     2 ||     2
Invok: Channel Energy    |       |       |    26 |    24 ||    50
Evoke: Wand              |       |       |       |     2 ||     2
  Use: Scroll            |       |     2 |     9 |    10 ||    21
       Potion            |       |       |     2 |     2 ||     4
 Stab: Sleeping          |       |     1 |       |       ||     1
       Held in net/web   |       |       |     1 |       ||     1
  Eat: Chunk             |     3 |    10 |    16 |     4 ||    33
       Meat ration       |       |       |     1 |       ||     1
       Bread ration      |       |       |     1 |     5 ||     6
Armor: Robe              |    13 |     2 |    23 |    32 ||    70
Dodge: Dodged            |    36 |    32 |    89 |   110 ||   267
       Deflected         |     1 |       |     6 |     2 ||     9
Block: Other             |       |       |     8 |    19 ||    27
       Reflection        |       |       |     2 |       ||     2
